 Dungeon Crawl Stone Soup version 0.20.2-3-g29329e0561 (webtiles) character file.

182 Alfie the Skirmisher (level 5, 0/47 HPs)
             Began as a Hill Orc Fighter on Dec 18, 2023.
             Slain by a gnoll
             ... wielding a +0 spear
              (3 damage)
             ... on level 2 of the Dungeon.
             The game lasted 00:03:16 (1490 turns).

Alfie the Skirmisher (Hill Orc Fighter)             Turns: 1490, Time: 00:03:16

Health: 0/47       AC:  7    Str: 20    XL:     5   Next: 62%
Magic:  5/5        EV:  7    Int:  8    God:
Gold:   60         SH:  9    Dex: 10    Spells: 4/4 levels left

rFire    . . .     SeeInvis .   a - +0 rapier
rCold    . . .     Gourm    .   c - +0 shield
rNeg     . . .     Faith    .   b - +0 scale mail
rPois    .         Spirit   .   (no helmet)
rElec    .         Reflect  .   (no cloak)
rCorr    .         Harm     .   (no gloves)
MR       .....                  (no boots)
Stlth    ..........             (no amulet)
Regen    0.2/turn               (no ring)
MPRegen  0.1/turn               (no ring)

@: no status effects
A: no striking features
a: no special abilities


You were on level 2 of the Dungeon.
You were not hungry.

You visited 1 branch of the dungeon, and saw 2 of its levels.

You collected 60 gold pieces.

Inventory:

Hand Weapons
 a - a +0 rapier (weapon)
Armour
 b - a +0 scale mail (worn)
 c - a +0 shield (worn)
Jewellery
 k - a +2 ring of evasion {unknown}
Wands
 m - a wand of digging (11/24)
Scrolls
 f - a scroll of amnesia {unknown}
 i - a scroll of teleportation {unknown}
 n - a scroll of remove curse {unknown}
Potions
 d - a potion of might
 e - a potion of heal wounds {unknown}
 h - 3 potions of curing {unknown}
 j - a potion of cancellation {unknown}
 l - a potion of flight {unknown}
 o - a potion of brilliance {unknown}
Comestibles
 g - a meat ration


   Skills:
 + Level 4.5 Fighting
 + Level 3.2 Short Blades
 + Level 4.4 Armour
 + Level 0.5 Dodging
 + Level 4.3 Shields


You had 4 spell levels left.
You didn't know any spells.

Dungeon Overview and Level Annotations

Branches:
Dungeon (2/15)

Altars:
Ru


Message History

You barely miss the gnoll.
The gnoll is heavily wounded.
You block the gnoll's attack.
The gnoll hits you from afar with a spear.
* * * LOW HITPOINT WARNING * * *
The gnoll hits you but does no damage.
You hit the gnoll.
The gnoll is severely wounded.
You block the gnoll's attack. The gnoll hits you with a spear.
* * * LOW HITPOINT WARNING * * *
You hit the gnoll but do no damage.
The gnoll is severely wounded.
The gnoll hits you from afar with a spear!
* * * LOW HITPOINT WARNING * * *
You block the gnoll's attack. The gnoll barely misses you.
Your shield prevents you from hitting the gnoll.
The gnoll is severely wounded.
The gnoll hits you but does no damage.
The gnoll hits you from afar with a spear.
You die...

######.#### #.#
#.#####.#.# #†# #.#
#.........#
#†##########.##
#######.###
#...b....##...## #.#
########.#.....# #.#
#.##...##### #.#
#.###......#####.#
#.###..##........#
#..@gg.....#######
#####..###.# #..###.#
#......# ####.######
#...g....# ######
#.##g###.## #.....
######.........####.....
#.........#.............


You could see 2 gnolls.

Vanquished Creatures
  Jessica (D:2)
  Natasha (thrice) (D:2)
  A gnoll (D:2)
  3 adders (D:2)
  2 worms (D:2)
  A leopard gecko (D:1)
  2 giant cockroaches (D:2)
  6 goblins
  3 hobgoblins
  3 jackals (D:2)
  A ball python (D:2)
  5 bats
  2 frilled lizards
  3 kobolds
  6 rats
42 creatures vanquished.

Notes
Turn   | Place    | Note
-------+----------+-------------------------------------------
     0 | D:1      | Alfie the Hill Orc Fighter began the quest for the Orb.
     0 | D:1      | Reached XP level 1. HP: 19/19 MP: 1/1
   200 | D:1      | Reached XP level 2. HP: 17/27 MP: 2/2
   634 | D:2      | Noticed Natasha
   644 | D:2      | Killed Natasha
   644 | D:2      | Reached XP level 3. HP: 30/33 MP: 3/3
   662 | D:2      | Noticed Natasha
   669 | D:2      | Killed Natasha
   669 | D:2      | Reached XP level 4. HP: 28/40 MP: 4/4
   674 | D:2      | Found a sacrificial altar of Ru.
   900 | D:2      | Noticed Jessica
   905 | D:2      | Killed Jessica
   910 | D:2      | Reached XP level 5. HP: 40/46 MP: 5/5
  1303 | D:2      | Noticed Natasha
  1335 | D:2      | Killed Natasha
  1489 | D:2      | HP: 2/47 [gnoll/spear (8)]
  1490 | D:2      | Slain by a gnoll

Skill      XL: |  1  2  3  4 |
---------------+-------------+-----
Armour         | 4 |  4.4
Fighting       | 4 |  4.5
Shields        | 4 |  4.3
Short Blades   | 3 |  3.2
Dodging        | |  0.5

Action                   |  1- 3 |  4- 6 || total
-------------------------+-------+-------++-------
Melee: Rapier            |    83 |   129 ||   212
  Eat: Bread ration      |       |     1 ||     1
Armor: Scale mail        |    34 |    65 ||    99
Dodge: Dodged            |    25 |    42 ||    67
Block: Shield            |    52 |    78 ||   130
